 Dungeon Crawl Stone Soup version 0.26-a0-52-gd53d4cd058 (webtiles) character file.

Game seed: 12489033203330827712

2986 MarredHen the Magician (level 9, 0/66 HPs)
             Began as a Gnoll Venom Mage on June 5, 2020.
             Was a Follower of Makhleb.
             Killed from afar by Erica (13 damage)
             ... with a bolt of poison
             ... on level 8 of the Dungeon.
             The game lasted 00:38:14 (9116 turns).

MarredHen the Magician (Gnoll Venom Mage)           Turns: 9116, Time: 00:38:14

Health: 0/66       AC: 15    Str: 12    XL:     9   Next: 83%
Magic:  9/28       EV: 10    Int: 14    God:    Makhleb [*.....]
Gold:   39         SH:  0    Dex: 16    Spells: 18/21 levels left

rFire    . . .     SeeInvis .   h - +0 short sword (curse)
rCold    + + .     Gourm    .   F - +0 tower shield
rNeg     . . .     Faith    .   r - +0 ring mail
rPois    .         Spirit   .   e - +2 helmet
rElec    .         Reflect  .   H - +0 cloak of Good Intentions {rC++ Int-5} (curse)
rCorr    .         Harm     .   (no gloves)
MR       .....                  x - +0 pair of boots
Stlth    +.........             z - amulet of regeneration
HPRegen  0.61/turn              B - +4 ring of protection
MPRegen  0.21/turn              v - ring of magical power

@: confused, lethally poisoned (0 -> -15), very slightly contaminated
A: distributed training, fangs 1, strong nose
a: Renounce Religion


You were on level 8 of the Dungeon.
You worshipped Makhleb.
Makhleb was aware of your devotion.
You were not hungry.

You visited 1 branch of the dungeon, and saw 8 of its levels.

You collected 349 gold pieces.
You spent 310 gold pieces at shops.

Inventory:

Hand Weapons
 h - a cursed +0 short sword (weapon)
 o - a +1 vorpal long sword
 C - a +0 long sword of protection
Armour
 e - a +2 helmet (worn)
 f - a +0 buckler
 q - a +0 robe of magic resistance
 r - a +0 ring mail (worn)
 x - a +0 pair of boots (worn)
 D - a cursed +0 ring mail
 F - a +0 tower shield (worn)
 H - the cursed +0 cloak of Good Intentions (worn) {rC++ Int-5}
   (You bought it in a shop on level 8 of the Dungeon)

   It affects your intelligence (-5).
   It greatly protects you from cold.
   It has a curse placed upon it.
Jewellery
 u - an uncursed ring of stealth
 v - a ring of magical power (right hand)
 w - an uncursed ring of flight
 z - an amulet of regeneration (around neck)
 B - a +4 ring of protection (left hand)
Wands
 a - a wand of random effects (34)
 l - a wand of flame (23)
 n - a wand of digging (5)
 s - a wand of disintegration (13)
 y - a wand of iceblast (2)
Scrolls
 t - 2 scrolls of fear
 E - 3 scrolls of magic mapping
 G - 2 scrolls of teleportation
Potions
 b - 2 potions of mutation {unknown}
 d - a potion of curing {unknown}
 g - a potion of cancellation
 i - a potion of berserk rage {unknown}
 j - 3 potions of magic {unknown}
 m - a potion of lignification {unknown}
 p - a potion of brilliance
Comestibles
 c - 9 rations


   Skills:
 + Level 4.5 Fighting
 + Level 4.5 Short Blades
 + Level 4.5 Long Blades
 + Level 4.5 Axes
 + Level 4.5 Maces & Flails
 + Level 4.5 Polearms
 + Level 4.5 Staves
 + Level 4.5 Slings
 + Level 4.5 Bows
 + Level 4.5 Crossbows
 + Level 4.5 Throwing
 + Level 4.5 Armour
 + Level 6.5 Dodging
 + Level 6.2 Stealth
 + Level 4.5 Shields
 + Level 4.5 Unarmed Combat
 + Level 6.8 Spellcasting
 + Level 3.7 Conjurations
 + Level 3.7 Hexes
 + Level 3.7 Charms
 + Level 3.7 Summonings
 + Level 3.7 Necromancy
 + Level 3.7 Translocations
 + Level 4.3 Transmutations
 + Level 3.7 Fire Magic
 + Level 3.7 Ice Magic
 + Level 3.7 Air Magic
 + Level 3.7 Earth Magic
 + Level 6.7 Poison Magic
 + Level 5.0 Invocations
 + Level 4.5 Evocations


You had 18 spell levels left.
You knew the following spells:

 Your Spells              Type           Power        Failure   Level  Hunger
a - Sting                 Tmut/Pois      ###.         41%         1    None
b - Poisonous Vapours     Pois/Air       ###...       61%         2    #......

Your spell library contained the following spells:

 Spells                   Type           Power        Failure   Level  Hunger
 Ignite Poison            Fire/Tmut/Pois ###.....     87%         3    ##.....
 Mephitic Cloud           Conj/Pois/Air  ###.....     88%         3    ##.....
 Olgreb's Toxic Radiance  Pois           ###.....     95%         4    ####...
 Confusing Touch          Hex            ###.....     96%         3    ##.....
 Gell's Gravitas          Tloc           ###.......   96%         3    ##.....
 Petrify                  Tmut/Erth      ###.....     100%        4    ####...
 Metabolic Englaciation   Hex/Ice        ###.......   100%        5    ######.
 Yara's Violent Unravell  Hex/Tmut       ###.......   100%        5    ######.


Dungeon Overview and Level Annotations

Branches:
Dungeon (8/15)             Temple (0/1) D:7
   Lair: D:8-11

Altars:
Dithmenos
Makhleb
Okawaru
Ru
The Shining One

Shops:
D:6 }   D:8 *

Annotations:
D:4 1 runed translucent door
D:5 2 transporters, sirjames's ghost, novice DEIE
D:7 Menkaure
D:8 3 runed translucent doors, Erica; kelmiir's ghost, novice GnWn


Innate Abilities, Weirdness & Mutations

Your experience applies equally to all skills.
You have very sharp teeth.
Your uncanny sense of smell can sniff out nearby items.


Message History

You're too confused!
You feel sick.
The centaur shoots an arrow.
The arrow barely misses you. Something hits you.
* * * LOW HITPOINT WARNING * * *
Something burns you.
* * * LOW HITPOINT WARNING * * *
The centaur shoots an arrow.
The arrow hits you but does no damage.
You see here 2 arrows.
A centaur is nearby!
You're too confused to cast spells.
You bump into the rock wall.
You feel sick.
You hear some strange, mumbled words.
You are more confused.
You're too confused to cast spells.
You bump into the rock wall.
You feel sick.
The centaur shoots an arrow.
You hear some strange, mumbled words.
A bolt of poison appears from out of thin air!
The bolt of poison hits you!
You are lethally poisoned!
You die...

#...........# #.# #.>.........#
######'## #...c.......# #........
#...........#######........
######................##........
##)....................#######.##
†.)..†.................# #.##
##.....#.......{(......# #.<.
#.....#........@......# #...
#########.÷.#####.....## #...
##.##..........# #...
#.#######....†.# #... #.
########.#### #... .#
#.....>.....# #... ∆∆
#...........# #.†. ∆
#...........# #... ∆∆∆
#...........# #...


You could see a centaur.

Vanquished Creatures
  Harold (D:7)
  A hippogriff (D:7)
  A wyvern (D:8)
  Eustachio (D:5)
  3 black bears
  2 orc warriors (D:6)
  4 sky beasts
  A bullfrog (D:6)
  2 scorpions (D:8)
  3 crimson imps
  A bullfrog zombie (D:6)
  A bullfrog skeleton (D:3)
  A hound (D:4)
  7 orc priests
  2 orc wizards (D:7)
  An iguana (D:7)
  3 worker ants
  Terence (D:3)
  Robin (D:3)
  9 adders
  3 shadow imps
  4 oozes
  2 adder skeletons
  2 worms
  5 dart slugs
  2 leopard geckos
  29 orcs
  3 giant cockroaches
  9 goblins
  12 hobgoblins
  4 jackals (D:7)
  7 kobolds
  4 quokkas
  6 bats
  2 frilled lizards
  2 leopard gecko skeletons
  A quokka zombie (D:7)
  5 rats
148 creatures vanquished.

Vanquished Creatures (others)
  A fungus (D:8)
  3 plants (D:8)
4 creatures vanquished.

Grand Total: 152 creatures vanquished

Notes
Turn   | Place    | Note
-------+----------+-------------------------------------------
     0 | D:1      | MarredHen the Gnoll Venom Mage began the quest for the Orb.
     0 | D:1      | Reached XP level 1. HP: 13/13 MP: 6/6
   344 | D:1      | Reached XP level 2. HP: 12/19 MP: 3/7
   812 | D:1      | Reached XP level 3. HP: 21/25 MP: 0/9
   928 | D:1      | Reached skill level 5 in Spellcasting
  1375 | D:2      | Reached skill level 1 in Invocations
  1578 | D:2      | Reached skill level 1 in Fighting
  1578 | D:2      | Reached skill level 1 in Short Blades
  1578 | D:2      | Reached skill level 1 in Long Blades
  1578 | D:2      | Reached skill level 1 in Axes
  1578 | D:2      | Reached skill level 1 in Maces & Flails
  1578 | D:2      | Reached skill level 1 in Polearms
  1578 | D:2      | Reached skill level 1 in Staves
  1578 | D:2      | Reached skill level 1 in Slings
  1578 | D:2      | Reached skill level 1 in Bows
  1578 | D:2      | Reached skill level 1 in Crossbows
  1578 | D:2      | Reached skill level 1 in Throwing
  1578 | D:2      | Reached skill level 1 in Armour
  1578 | D:2      | Reached skill level 1 in Shields
  1578 | D:2      | Reached skill level 1 in Unarmed Combat
  1578 | D:2      | Reached skill level 1 in Evocations
  1636 | D:2      | Reached XP level 4. HP: 32/32 MP: 7/11
  1995 | D:2      | Reached skill level 1 in Conjurations
  1995 | D:2      | Reached skill level 1 in Hexes
  1995 | D:2      | Reached skill level 1 in Charms
  1995 | D:2      | Reached skill level 1 in Summonings
  1995 | D:2      | Reached skill level 1 in Necromancy
  1995 | D:2      | Reached skill level 1 in Translocations
  1995 | D:2      | Reached skill level 1 in Fire Magic
  1995 | D:2      | Reached skill level 1 in Ice Magic
  1995 | D:2      | Reached skill level 1 in Air Magic
  1995 | D:2      | Reached skill level 1 in Earth Magic
  2608 | D:2      | Found an iron altar of Okawaru.
  2608 | D:2      | Found a burning altar of Makhleb.
  2618 | D:2      | Became a worshipper of Makhleb the Destroyer
  2851 | D:3      | Reached XP level 5. HP: 37/37 MP: 8/12
  3168 | D:3      | Noticed Terence
  3175 | D:3      | Killed Terence
  3273 | D:3      | Noticed Robin
  3280 | D:3      | Killed Robin
  3371 | D:3      | Found a shadowy altar of Dithmenos.
  3373 | D:3      | Found a glowing golden altar of the Shining One.
  3774 | D:4      | Found a runed translucent door.
  3774 | D:4      | Noticed an angel
  3795 | D:4      | Reached XP level 6. HP: 44/44 MP: 10/13
  4286 | D:4      | Found a glowing golden altar of the Shining One.
  4369 | D:5      | Entered Level 5 of the Dungeon
  4369 | D:5      | Found a transporter.
  4374 | D:5      | Found a transporter.
  4374 | D:5      | Noticed sirjames's ghost (novice DEIE)
  4639 | D:5      | Noticed Eustachio
  4660 | D:5      | Killed Eustachio
  4660 | D:5      | Reached skill level 5 in Dodging
  4746 | D:5      | Reached XP level 7. HP: 50/50 MP: 12/15
  5020 | D:5      | Reached * piety under Makhleb
  5346 | D:5      | Reached skill level 5 in Stealth
  6129 | D:6      | Found Vetiu's Gadget Shoppe.
  6211 | D:6      | Reached XP level 8. HP: 50/57 MP: 16/16
  7193 | D:6      | Learned a level 2 spell: Poisonous Vapours
  7237 | D:7      | Noticed Menkaure
  7315 | D:7      | Found a staircase to the Ecumenical Temple.
  7519 | D:7      | Noticed Harold
  7534 | D:7      | Killed Harold
  7534 | D:7      | Reached XP level 9. HP: 36/65 MP: 1/18
  8619 | D:7      | Found a sacrificial altar of Ru.
  8733 | D:8      | Found a runed translucent gate.
  8733 | D:8      | Found a runed translucent gate.
  8733 | D:8      | Found a runed translucent gate.
  8734 | D:8      | Identified the +3 whip of Urchesam {venom, *Slow rN++
                  | Str+5}
  8736 | D:8      | Noticed kelmiir's ghost (novice GnWn)
  8736 | D:8      | Noticed a kobold demonologist
  8895 | D:8      | Found Rinu's Assorted Antiques.
  8903 | D:8      | Bought an ichor-stained cloak for 256 gold pieces
  8903 | D:8      | Bought a scroll of identify for 54 gold pieces
  8908 | D:8      | Identified the cursed +0 cloak of Good Intentions {rC++
                  | Int-5} (You bought it in a shop on level 8 of the Dungeon)
  8934 | D:8      | Reached skill level 5 in Invocations
  9082 | D:8      | Noticed Erica
  9116 | D:8      | Killed from afar by Erica

Illustrated notes

Levels and vault maps discovered:
D:1:      ebering_hopf_link, layout_basic
D:2:      layout_basic, gammafunk_temple_overflow_wave, st_stairs_3
D:3:      layout_loops_cross, nicolae_overflow_hidden_temple, first_ration,
          uniq_robin, uniq_terence
D:4:      layout_basic, lemuel_angel_altar
D:5:      layout_basic, gammafunk_ghost_arena, st_stairs_8, uniq_eustachio
D:6:      layout_gridville, serial_shops, shop, chequers_serial_rivers_micro_a,
          grunt_decor_mini_mirrors, kennysheep_generic_room_5
D:7:      layout_basic, nicolae_ru_the_path_less_chosen,
          minmay_temple_entry_glassed_door, uniq_harold, uniq_menkaure
D:8:      layout_basic, serial_shops, shop, gammafunk_ghost_nasty_kobolds,
          chequers_serial_rivers_large_b, grunt_ogre_cave,
          grunt_decor_one_mirror, uniq_erica

Skill      XL: |  1  2  3  4  5  6  7  8  9 |
---------------+----------------------------+-----
Transmutations | 2 3 4 |  4.3
Spellcasting   | 5 6 |  6.8
Invocations    | 1 2 3 4 5 |  5.0
Fighting       | 1 2 4 |  4.5
Short Blades   | 1 2 4 |  4.5
Long Blades    | 1 2 4 |  4.5
Axes           | 1 2 4 |  4.5
Maces & Flails | 1 2 4 |  4.5
Polearms       | 1 2 4 |  4.5
Staves         | 1 2 4 |  4.5
Slings         | 1 2 4 |  4.5
Bows           | 1 2 4 |  4.5
Crossbows      | 1 2 4 |  4.5
Throwing       | 1 2 4 |  4.5
Armour         | 1 2 4 |  4.5
Shields        | 1 2 4 |  4.5
Unarmed Combat | 1 2 4 |  4.5
Evocations     | 1 2 4 |  4.5
Conjurations   | 1 2 3 |  3.7
Hexes          | 1 2 3 |  3.7
Charms         | 1 2 3 |  3.7
Summonings     | 1 2 3 |  3.7
Necromancy     | 1 2 3 |  3.7
Translocations | 1 2 3 |  3.7
Fire Magic     | 1 2 3 |  3.7
Ice Magic      | 1 2 3 |  3.7
Air Magic      | 1 2 3 |  3.7
Earth Magic    | 1 2 3 |  3.7
Dodging        | 5 6 |  6.5
Stealth        | 5 6 |  6.2
Poison Magic   | 6 |  6.7

Action                   |  1- 3 |  4- 6 |  7- 9 || total
-------------------------+-------+-------+-------++-------
Melee: Unarmed           |     2 |       |       ||     2
       Short sword       |    10 |    61 |   176 ||   247
       Bite              |     1 |     8 |    14 ||    23
 Cast: Sting             |    57 |   103 |   138 ||   298
       Poisonous Vapours |       |       |    65 ||    65
  Use: Scroll            |     2 |     5 |    10 ||    17
       Potion            |       |       |     4 ||     4
 Stab: Sleeping          |       |       |     1 ||     1
  Eat: Ration            |     1 |     1 |     3 ||     5
       Chunk             |       |     5 |     3 ||     8
Armor: Robe              |    10 |     7 |       ||    17
       Ring mail         |       |    28 |   112 ||   140
Dodge: Dodged            |    31 |    56 |   162 ||   249
Block: Buckler           |     7 |    21 |    62 ||    90
       Tower shield      |       |       |    11 ||    11

Table legend:
 A = Non-vault XP
 B = Vault XP
 C = Vault XP percentage of total XP
 D = Non-vault monster count
 E = Vault monster count
 F = Vault count percentage of total count
                 A         B        C        D         E       F
            +---------+---------+-------+---------+---------+-------
      Total |    2770 |    1496 |  35.1 |     132 |      16 |  10.8
            +---------+---------+-------+---------+---------+-------
        D:1 |      53 |       0 |   0.0 |      23 |       0 |   0.0
        D:2 |      72 |      29 |  28.7 |      20 |       3 |  13.0
        D:3 |      69 |      57 |  45.2 |      12 |       7 |  36.8
        D:4 |     118 |       0 |   0.0 |      10 |       0 |   0.0
        D:5 |     376 |     317 |  45.7 |      24 |       3 |  11.1
        D:6 |     908 |     101 |  10.0 |      16 |       2 |  11.1
        D:7 |     798 |     992 |  55.4 |      19 |       1 |   5.0
        D:8 |     376 |       0 |   0.0 |       8 |       0 |   0.0
            +---------+---------+-------+---------+---------+-------
